 Dungeon Crawl Stone Soup version 0.30.1-3-gfc49f6343a (webtiles) character file.

Game seed: 13460859622703897502

114 booth the Firebug (level 4, -4/29 (30) HPs)
             Began as a Demonspawn Fire Elementalist on July 23, 2023.
             Slain by a hell rat (5 damage)
             ... in a sewer.
             The game lasted 00:14:35 (2492 turns).

booth the Firebug (Demonspawn Fire Elementalist)    Turns: 2492, Time: 00:14:36

HP:   -4/29 (30)    AC:  3    Str:  9    XL:     4   Next: 66%
MP:   8/8           EV: 12    Int: 18    God:
Gold: 151           SH:  0    Dex: 13    Spells: 2/8 levels left

rFire   . . .        h - +0 dagger (venom)
rCold   . . .        (no shield)
rNeg    . . .        a - +0 robe
rPois   .            (no helmet)
rElec   .            (no cloak)
rCorr   .            e - +0 pair of gloves
SInv    .            (no boots)
Will    +....        (no amulet)
Stlth   +            i - ring of willpower
HPRegen 0.24/turn    (no ring)
MPRegen 0.11/turn

%: no passive effects
@: lightly drained, very slow
A: powered by death 1, demonic touch 1
a: no special abilities


You were in a sewer.
You visited 1 branch of the dungeon, and saw 3 of its levels.
You also visited: Sewer.

You collected 151 gold pieces.

Inventory:

Hand Weapons
 f - a +0 mace
 h - a +0 dagger of venom (weapon)
Missiles
 g - 2 poisoned darts
Armour
 a - a +0 robe (worn)
 e - a +0 pair of gloves (worn)
Jewellery
 i - a ring of willpower (left hand)
Potions
 b - a potion of magic
 c - a potion of heal wounds
 d - a potion of flight
 j - a potion of resistance {unknown}


   Skills:
 + Level 2.4 Dodging
 + Level 2.7 Stealth
 + Level 2.6 Spellcasting
 + Level 2.1 Conjurations
 + Level 3.2 Fire Magic


You had 2 spell levels left.
You knew the following spells:

 Your Spells              Type           Power      Damage    Failure   Level
a - Foxfire               Conj/Fire      48%        2x1d6     5%          1
b - Scorch                Fire           28%        2d6       7%          2
c - Inner Flame           Hex/Fire       8%         N/A       26%         3

Your spell library contained the following spells:

 Spells                   Type           Power      Damage    Failure   Level
 Volatile Blastmotes      Fire/Tloc      16%        2d11      26%         3
 Flame Wave               Conj/Fire      12%        2d6       50%         4


Dungeon Overview and Level Annotations

Branches:
Dungeon (3/15)              Sewer (1/1)

Altars:


Innate Abilities, Weirdness & Mutations

You regenerate a little health from kills.
Your touch may inflict minor irresistible damage on your foes.


Message History

The helpless rat fails to defend itself.
You puncture the rat!
You kill the rat!
You enter the shallow water.
Moving in this stuff is going to be slow.
The rat bites you but does no damage.
You hit the rat.
You kill the rat!
You see here a rat corpse.
A rat comes into view.
Okay, then.
You closely miss the rat. Your touch misses the rat.
The rat splashes around in the water.
You barely miss the rat. The rat barely misses you.
You closely miss the rat. Your touch misses the rat. The rat barely misses you.
You barely miss the rat. The rat bites you.
You hit the rat.
You kill the rat!
You enter the shallow water.
Moving in this stuff is going to be slow.
A rat comes into view.
You see here a rat corpse.
You open the door.
A hell rat comes into view.
Found six items.
Found a gate leading back out of this place.
There is an open door here.
You enter the shallow water.
Moving in this stuff is going to be slow.
You hit the hell rat but do no damage.
The hell rat is poisoned.
The hell rat bites you!!
Ouch! That really hurt!
You hit the hell rat but do no damage.
The hell rat looks as sick as possible!
The hell rat is lightly wounded.
The hell rat barely misses you.
Your unstable footing causes you to fumble your attack.
The hell rat bites you!
* * * LOW HITPOINT WARNING * * *
You feel drained.
You die...

###~~.###
#~~.†~.~#
##~~~~~..##
#.~.###...#
##.†##.##.~##
#~..#~..#~.~#
#~~##!.~##†~#
#~~#??~~~#.~#
#∩∩#∩?~r@'.~#
#~~#?!~~~#†.#
#~~##)~~##~.#
#...#.~~ ..~#
##~~##~##.~##
#~..## ~.~#
##.~. r~.##
~~.~..~ ~~##


You could see a hell rat (extremely poisoned).

Vanquished Creatures
  5 adders
  A river rat (Sewer)
  2 worms (D:2)
  A dart slug (D:1)
  3 ball pythons (D:2)
  4 bats
  5 endoplasms
  6 giant cockroaches
  2 goblins
  4 hobgoblins
  3 quokkas
  A frilled lizard (D:1)
  4 kobolds
  13 rats
54 creatures vanquished.

Vanquished Creatures (others)
  81 foxfires
81 creatures vanquished.

Grand Total: 135 creatures vanquished

Notes
Turn   | Place    | Note
-------+----------+-------------------------------------------
     0 | D:1      | booth the Demonspawn Fire Elementalist began the quest for
                  | the Orb.
     0 | D:1      | Reached XP level 1. HP: 13/13 MP: 3/3
     2 | D:1      | Noticed an ogre
     4 | D:1      | Noticed an elf
     6 | D:1      | Noticed a vine stalker
     8 | D:1      | Noticed a vampire
     8 | D:1      | Noticed a tengu
    10 | D:1      | Noticed a demonspawn
    10 | D:1      | Noticed a troll
    12 | D:1      | Noticed a minotaur
    12 | D:1      | Noticed a human
    14 | D:1      | Noticed a felid
    14 | D:1      | Noticed a naga
    16 | D:1      | Noticed a demigod
    16 | D:1      | Noticed a spriggan
    18 | D:1      | Noticed a merfolk
    18 | D:1      | Noticed a gargoyle
    20 | D:1      | Noticed a formicid
    20 | D:1      | Noticed an armataur
    22 | D:1      | Noticed a ghoul
    22 | D:1      | Noticed a meteoran
    24 | D:1      | Noticed an octopode
    26 | D:1      | Noticed a demigod
    26 | D:1      | Noticed a felid
   327 | D:1      | Gained mutation: Your touch may inflict minor irresistible
                  | damage on your foes. [demonic ancestry]
   327 | D:1      | Reached XP level 2. HP: 12/19 MP: 1/5
   549 | D:1      | Learned a level 2 spell: Scorch
  1024 | D:2      | Reached XP level 3. HP: 24/24 MP: 2/6
  1216 | D:2      | Reached skill level 3 in Fire Magic
  1742 | D:2      | Gained mutation: You regenerate a little health from kills.
                  | [demonic ancestry]
  1742 | D:2      | Reached XP level 4. HP: 26/30 MP: 4/7
  1746 | D:2      | Learned a level 3 spell: Inner Flame
  2431 | D:3      | Found a glowing drain.
  2435 | Sewer    | Entered a sewer
  2492 | Sewer    | HP: 1/30 [hell rat (11)]
  2492 | Sewer    | Slain by a hell rat

Illustrated notes

Levels and vault maps discovered:
D:1:      kb_arrival_jail, layout_basic
D:2:      layout_loops_cross, hangedman_decor_opposing
D:3:      layout_loops_cross, mainiacjoe_overflow_big_doors,
          gup_sewer_entry_spiral, hellmonk_ecumenical_altar_zigzags
Sewer:    sewer_hellmonk_bad_rat

Skill      XL: |  1  2  3  4 |
---------------+-------------+-----
Stealth        | 2 |  2.7
Dodging        | 2 |  2.4
Fire Magic     | 3 |  3.2
Conjurations   | 2 |  2.1
Spellcasting   | |  2.6

Action                     |  1- 3 |  4- 6 || total
---------------------------+-------+-------++-------
  Melee: Dagger            |    32 |    43 ||    75
         Touch             |     2 |     4 ||     6
   Cast: Foxfire           |    38 |     8 ||    46
         Scorch            |     2 |       ||     2
    Use: Scroll            |     3 |     3 ||     6
         Potion            |       |     1 ||     1
   Stab: Sleeping          |     1 |     3 ||     4
 Armour: Robe              |    12 |     4 ||    16
  Dodge: Dodged            |    14 |    16 ||    30
